 Dungeon Crawl Stone Soup version 0.21.1-1-g345015fe64 (webtiles) character file.

94 Goboxel the Slasher (level 4, -2/34 HPs)
             Began as a Demonspawn Gladiator on July 5, 2018.
             Slain by Natasha (7 damage)
             ... on level 2 of the Dungeon.
             The game lasted 00:02:19 (1755 turns).

Goboxel the Slasher (Demonspawn Gladiator)          Turns: 1755, Time: 00:02:20

Health: -2/34      AC:  4    Str: 15    XL:     4   Next: 38%
Magic:  4/4        EV: 13    Int:  9    God:
Gold:   100        SH:  0    Dex: 17    Spells: 3/3 levels left

rFire    . . .     SeeInvis +   a - +0 long sword
rCold    . . .     Gourm    .   (no shield)
rNeg     . . .     Faith    .   b - +0 leather armour
rPois    .         Spirit   .   c - +0 helmet
rElec    .         Reflect  .   (no cloak)
rCorr    .         Harm     .   (no gloves)
MR       .....                  (no boots)
Stlth    ++........             (no amulet)
HPRegen  0.11/turn              e - ring of see invisible
MPRegen  0.09/turn              (no ring)

@: no status effects
A: thin skeletal structure 1, powered by pain 1
a: no special abilities


You were on level 2 of the Dungeon.
You were not hungry.

You visited 1 branch of the dungeon, and saw 2 of its levels.

You collected 100 gold pieces.

Inventory:

Hand Weapons
 a - a +0 long sword (weapon)
Missiles
 d - 3 throwing nets (quivered)
Armour
 b - a +0 leather armour (worn)
 c - a +0 helmet (worn)
Jewellery
 e - a ring of see invisible (left hand)
Scrolls
 k - a scroll of blinking {unknown}
 m - a scroll of remove curse
Potions
 g - a potion of invisibility {unknown}
 h - a potion of brilliance {unknown}
 i - a potion of might
 j - a potion of flight {unknown}
 l - a potion of cancellation {unknown}
Comestibles
 f - 5 rations
 n - 2 chunks of flesh


   Skills:
 + Level 2.9 Fighting
 * Level 3.8 Long Blades
 - Level 1.7 Throwing
 + Level 3.2 Dodging


You had 3 spell levels left.
You didn't know any spells.

Dungeon Overview and Level Annotations

Branches:
Dungeon (2/15)

Altars:
Fedhas

Annotations:
D:2 Natasha


Innate Abilities, Weirdness & Mutations

You have a somewhat thin skeletal structure. (Dex +2, Stealth)
You sometimes gain a little power by taking damage.


Message History

You closely miss Natasha.
Natasha is moderately wounded.
Natasha casts a spell at you. You resist with some effort.
You completely miss Natasha.
Natasha is moderately wounded.
Natasha claws you!
You hit Natasha.
Natasha is heavily wounded.
Natasha claws you.
You closely miss Natasha.
Natasha is heavily wounded.
Natasha claws you.
* * * LOW HITPOINT WARNING * * *
Natasha claws you.
* * * LOW HITPOINT WARNING * * *
You hit Natasha.
Natasha is heavily wounded.
Natasha claws you!
You die...

#.# ##+## #.# ##...##
####.# ##.....##
##.##.###......!##
###...#.##.........####
.........'.........'...
##...#...#.........##
#..#_#.###.......##
#...#..# ##....@##
#...............h#
#.###..#.##.#'##.# #.#
##.#.##.#.# .# #.# #.#
##.#.# .# .>... .. ..
.# .#


You could see Natasha.

Vanquished Creatures
  Terence (D:2)
  2 adders (D:2)
  3 dart slugs (D:1)
  2 ball pythons
  3 giant cockroaches (D:1)
  7 goblins
  4 hobgoblins (D:1)
  6 jackals (D:2)
  5 bats
  5 frilled lizards
  4 kobolds
  2 rats (D:2)
44 creatures vanquished.

Notes
Turn   | Place    | Note
-------+----------+-------------------------------------------
     0 | D:1      | Goboxel the Demonspawn Gladiator began the quest for the Orb.
     0 | D:1      | Reached XP level 1. HP: 16/16 MP: 1/1
   281 | D:1      | Gained mutation: You have a somewhat thin skeletal structure. (Dex +2, Stealth) [demonic ancestry]
   281 | D:1      | Reached XP level 2. HP: 21/22 MP: 2/2
   656 | D:1      | Reached XP level 3. HP: 25/28 MP: 3/3
   964 | D:2      | Found a blossoming altar of Fedhas.
  1159 | D:2      | Noticed Terence
  1175 | D:2      | Killed Terence
  1417 | D:2      | Gained mutation: You sometimes gain a little power by taking damage. [demonic ancestry]
  1417 | D:2      | Reached XP level 4. HP: 34/34 MP: 4/4
  1588 | D:2      | Found a faded altar of an unknown god.
  1740 | D:2      | Noticed Natasha
  1755 | D:2      | Slain by Natasha

Skill      XL: |  1  2 |
---------------+-------+-----
Long Blades    | 3 |  3.8
Dodging        | 3 |  3.2
Fighting       | |  2.9
Throwing       | |  1.7

Action                   |  1- 3 |  4- 6 || total
-------------------------+-------+-------++-------
Melee: Long sword        |    87 |    42 ||   129
  Use: Scroll            |       |     1 ||     1
 Stab: Sleeping          |     3 |     1 ||     4
  Eat: Chunk             |     2 |     1 ||     3
Armor: Leather armour    |    25 |    14 ||    39
Dodge: Dodged            |    65 |    31 ||    96
       Rpst.: Long sword |    28 |    10 ||    38
